 Dungeon Crawl Stone Soup version 0.29-a0-472-ge5599a681e (webtiles) character file.

Game seed: 16118921169726216666

6569 ders the Thaumaturge (level 11, -8/65 HPs)
             Began as a Djinni Conjurer on May 23, 2022.
             Was an Initiate of Ashenzari.
             Shot with a bolt by a gnoll shaman (13 damage)
             ... in a bailey.
             The game lasted 00:10:38 (12162 turns).

ders the Thaumaturge (Djinni Conjurer)             Turns: 12162, Time: 00:10:38

Health: -8/65      AC:  8    Str:  6    XL:     11   Next: 21%
Gold:   437        EV:  6    Int: 25    God:    Ashenzari [......] SH:  0 Dex: 11

rFire   + + .      SeeInvis .   G - +7 mace of Righteous Anger {vamp, Will+ Stlth+}
rCold   x . .      Faith    .   (no shield)
rNeg    . . .      Spirit   .   I - +0 steam dragon scales
rPois   ∞          Reflect  .   m - +0 helmet
rElec   .          Harm     .   M - +0 cloak
rCorr   .          Rampage  .   B - +0 pair of gloves
Will    ++...                   (boots unavailable)
Stlth   +++.......              (no amulet)
HPRegen 0.20/turn               (no ring)
MPRegen 0.00/turn               (no ring)

@: flying, held
A: sickness immunity, fire resistance 2, cold vulnerability 1, float, innate
caster, HP casting, extra vitality 1
a: Renounce Religion


You were in a bailey.
You worshipped Ashenzari.
Ashenzari was noncommittal.
You visited 2 branches of the dungeon, and saw 10 of its levels.
You also visited: Bailey.

You collected 437 gold pieces.

Inventory:

Hand Weapons
 n - a +2 scythe of venom
 q - the +7 morningstar of Demonkind {vorpal, Int+3}
   (You found it on level 3 of the Dungeon)

   It inflicts extra damage upon your enemies.
   Int:       It affects your intelligence (+3).
 G - the +7 mace of Righteous Anger (weapon) {vamp, Will+ Stlth+}
   (You found it on level 7 of the Dungeon)

   It occasionally heals its wielder for a portion of the damage dealt when it
   wounds a living foe.
   Will:      It increases your willpower.
   Stlth:     It makes you more stealthy.
Armour
 a - a +0 robe
 m - a +0 helmet (worn)
 v - a scarf of harm
 B - a +0 pair of gloves (worn)
 I - +0 steam dragon scales (worn)
 M - a +0 cloak (worn)
Jewellery
 r - a ring of wizardry
Wands
 k - a wand of flame (47)
 y - a wand of acid (6)
 D - a wand of charming (8)
Scrolls
 c - 3 scrolls of fear {unknown}
 d - 3 scrolls of magic mapping
 e - 5 scrolls of identify {unknown}
 j - 2 scrolls of summoning
 p - 3 scrolls of poison {unknown}
 s - 3 scrolls of fog {unknown}
 t - a scroll of noise {unknown}
 u - 2 scrolls of immolation {unknown}
 x - 2 scrolls of teleportation {unknown}
 C - a scroll of blinking {unknown}
 E - 2 scrolls of enchant weapon {unknown}
 F - a scroll of brand weapon {unknown}
 H - a scroll of vulnerability {unknown}
 J - a scroll of amnesia {unknown}
 K - a scroll of enchant armour {unknown}
Potions
 b - 2 potions of flight
 f - a potion of cancellation {unknown}
 g - 2 potions of curing
 h - a potion of invisibility {unknown}
 i - a potion of berserk rage {unknown}
 l - a potion of degeneration {unknown}
 o - a potion of mutation {unknown}
 w - 2 potions of resistance {unknown}
 z - 2 potions of lignification {unknown}
 A - 2 potions of attraction {unknown}
 L - a potion of brilliance {unknown}


   Skills:
 - Level 2.1 Dodging
 - Level 1.5 Stealth
 + Level 13.0 Spellcasting


You had 7 spell levels left.
You knew the following spells:

 Your Spells              Type           Power      Damage    Failure   Level
a - Magic Dart            Conj           100%       1d8       1%          1
b - Foxfire               Conj/Fire      100%       2x1d9     1%          1
c - Dazzling Flash        Conj/Hex       100%       N/A       1%          3
d - Fulminant Prism       Conj/Hex       34%        3d16      1%          4
e - Iskenderun's Mystic   Conj/Tloc      69%        2d14      1%          4
f - Searing Ray           Conj           100%       2d8       1%          2
g - Call Imp              Summ           69%        N/A       1%          2
h - Confusing Touch       Hex            69%        N/A       1%          3
i - Dispel Undead         Necr           69%        3d23      1%          4
j - Blade Hands           Tmut           34%        N/A       1%          5
Your spell library was empty.

Dungeon Overview and Level Annotations

Branches:
Dungeon (9/15)             Temple (1/1) D:4            Lair (0/6) D:9
 Bailey (1/1)
    Orc: D:9-12

Altars:
Ashenzari
Cheibriados
Dithmenos
Elyvilon
Fedhas
Gozag
Hepliaklqana
Makhleb
Nemelex Xobeh
Okawaru
Qazlal
Ru
Sif Muna
Trog
Uskayaw
Wu Jian
Xom
Yredelemnul
Zin
The Shining One

Annotations:
D:9 Grum


Innate Abilities, Weirdness & Mutations

You are immune to sickness and miasma.
You are immune to poison.
Your flesh is very heat resistant. (rF++)
You are vulnerable to cold. (rC-)
You float through the air rather than walking.
You learn spells naturally, not from books.
Your magical power is your life essence.
You have superior vitality. (+4 MHP)


Message History

Confirm with . or Enter, or press ? or * to list all spells.
You conjure some foxfire!
The foxfire hits the gnoll shaman but does no damage.
The foxfire hits the gnoll shaman.
The gnoll shaman is lightly wounded.
The gnoll shaman shoots a bolt.
The bolt hits you!
* * * LOW HITPOINT WARNING * * *
You are electrocuted!
* * * LOW HITPOINT WARNING * * *
Unknown command.
Casting: Foxfire (safe; 1% risk of failure)
Confirm with . or Enter, or press ? or * to list all spells.
Aiming: Fulminant Prism (safe; 1% risk of failure)
Press: ? - help, Dir - move target You conjure a prism of explosive energy!
* * * LOW HITPOINT WARNING * * *
A fulminant prism comes into view.
The gnoll shaman shoots a bolt.
The bolt hits your fulminant prism!
You struggle against the net.
The gnoll shaman calls upon its god to heal the gnoll shaman.
The gnoll shaman's wounds heal themselves!
Your fulminant prism crackles loudly.
Okay, then.
You feel better.
The gnoll shaman zaps a wand.
The mass of ice explodes!
The iceblast engulfs your fulminant prism!
Your fulminant prism partially resists.
The gnoll shaman completely misses you.
Your fulminant prism explodes!
The blast of energy engulfs the gnoll shaman!!
You kill the gnoll shaman!
You hear a shout!
Casting: Fulminant Prism (safe; 1% risk of failure)
Confirm with . or Enter, or press ? or * to list all spells.
Aiming: Fulminant Prism (safe; 1% risk of failure)
Press: ? - help, Dir - move target You conjure a prism of explosive energy!
* * * LOW HITPOINT WARNING * * *
A fulminant prism comes into view.
The gnoll shaman shoots a bolt.
The bolt hits you!
You die...

.≈..# ♣.≈..#
♣..≈..#
...≈..#
...≈..#
♣♣...≈..#
#♣♣♣...).).+
#∩@.).)).).+
#♣♣♣..)..÷.+
♣♣.*.≈g.#
♣..≈..#
..≈..#
..≈..# .≈..#
.≈..#


You could see a gnoll shaman (ally target) and a friendly fulminant prism.

Vanquished Creatures
  A two-headed ogre (D:9)
  Pikel (D:5)
  Maggie (D:8)
  A hornet (D:8)
  Sigmund (D:2)
  3 steam dragons
  A vampire mosquito (D:6)
  3 water moccasins
  An acid dragon (D:8)
  Duvessa (D:6)
  2 orc warriors
  3 sky beasts
  A black bear (D:5)
  2 centaurs
  3 ogres
  3 lemures (D:5)
  Blork the orc (D:5)
  5 bullfrogs
  3 kobold brigands
  4 scorpions
  2 gnoll sergeants (Bailey)
  5 necrophages
  11 wights
  Dowan (D:6)
  A gnoll shaman (Bailey)
  2 orc priests
  6 hounds
  2 jellies (D:6)
  7 iguanas
  5 orc wizards
  A mummy (D:7)
  7 adders
  14 gnolls
  3 white imps (D:6)
  An ufetubus (D:3)
  4 dart slugs
  35 orcs
  3 bats
  7 endoplasms
  8 giant cockroaches
  16 goblins
  8 hobgoblins
  19 kobolds
  3 quokkas
  9 ball pythons
  5 frilled lizards
  9 rats
  A fulminant prism (D:8)
236 creatures vanquished.

Vanquished Creatures (collateral kills)
  3 foxfires (D:3)
3 creatures vanquished.

Vanquished Creatures (others)
  651 foxfires
  43 fulminant prisms
694 creatures vanquished.

Grand Total: 933 creatures vanquished

Notes
Turn   | Place    | Note
-------+----------+-------------------------------------------
     0 | D:1      | ders the Djinni Conjurer began the quest for the Orb.
     0 | D:1      | Reached XP level 1. HP: 15/15 MP: 0/0
   127 | D:1      | Reached XP level 2. HP: 18/21 MP: 0/0
   384 | D:1      | Reached XP level 3. HP: 19/25 MP: 0/0
   384 | D:1      | Learned a level 1 spell: Foxfire
   461 | D:1      | Found a faded altar of an unknown god.
   664 | D:1      | Reached skill level 4 in Spellcasting
  1513 | D:2      | Reached XP level 4. HP: 31/31 MP: 0/0
  2328 | D:2      | Noticed Sigmund
  2338 | D:2      | Killed Sigmund
  2339 | D:2      | Reached skill level 5 in Spellcasting
  2339 | D:2      | Reached XP level 5. HP: 31/35 MP: 0/0
  2339 | D:2      | Learned a level 2 spell: Call Imp
  2339 | D:2      | Reached XP level 6. HP: 35/40 MP: 0/0
  2886 | D:3      | Identified the +7 morningstar of Demonkind {vorpal, Int+3}
  3543 | D:4      | Reached skill level 6 in Spellcasting
  3625 | D:4      | Reached XP level 7. HP: 41/45 MP: 0/0
  3625 | D:4      | Learned a level 3 spell: Confusing Touch
  4226 | D:4      | Reached skill level 7 in Spellcasting
  4679 | D:4      | Found a staircase to the Ecumenical Temple.
  4701 | Temple   | Entered the Ecumenical Temple
  4810 | D:5      | Entered Level 5 of the Dungeon
  4828 | D:5      | Noticed Pikel
  4837 | D:5      | Killed Pikel
  4838 | D:5      | Reached skill level 8 in Spellcasting
  4838 | D:5      | Reached XP level 8. HP: 28/50 MP: 0/0
  5761 | D:5      | Reached XP level 9. HP: 54/55 MP: 0/0
  5761 | D:5      | Learned a level 4 spell: Dispel Undead
  5779 | D:5      | Reached skill level 9 in Spellcasting
  5853 | D:5      | Noticed Blork the orc
  5859 | D:5      | Killed Blork the orc
  7400 | D:6      | Reached skill level 10 in Spellcasting
  7473 | D:6      | Found a hide-covered altar of Uskayaw.
  7750 | D:6      | Noticed Duvessa
  7754 | D:6      | Noticed Dowan
  7756 | D:6      | Killed Duvessa
  7759 | D:6      | Reached XP level 10. HP: 42/60 MP: 0/0
  7759 | D:6      | Killed Dowan
  7858 | D:6      | Reached skill level 11 in Spellcasting
  8503 | D:6      | Noticed a boulder beetle
  8798 | D:7      | Identified the +7 mace of Righteous Anger {vamp, Will+
                  | Stlth+}
  9698 | D:7      | Found a snail-covered altar of Cheibriados.
  9812 | D:8      | Noticed Maggie
  9837 | D:8      | Killed Maggie
 10094 | D:8      | Reached skill level 12 in Spellcasting
 11114 | D:8      | Reached XP level 11. HP: 34/65 MP: 0/0
 11114 | D:8      | Learned a level 5 spell: Blade Hands
 11798 | D:9      | Found a shimmering altar of Xom.
 11830 | D:9      | Found a basalt altar of Yredelemnul.
 11859 | D:9      | Noticed a two-headed ogre
 11860 | D:9      | Found a broken altar of Ashenzari.
 11864 | D:9      | Found an opulent altar of Gozag.
 11889 | D:9      | Killed a two-headed ogre
 11895 | D:9      | Became a worshipper of Ashenzari the Shackled
 11909 | D:9      | Noticed Grum
 11919 | D:9      | Found a flagged portal.
 11927 | Bailey   | Entered a bailey
 12053 | Bailey   | Reached skill level 13 in Spellcasting
 12156 | Bailey   | Identified the +6 hand crossbow of the Illusory Wonders
                  | {elec, rF- rCorr Int+2}
 12162 | Bailey   | Shot with a bolt by a gnoll shaman

Illustrated notes

Levels and vault maps discovered:
D:1:      wheals_arrival_shading, layout_basic, ebering_ecumenical_altar_webs
D:2:      layout_loops_cross, uniq_sigmund
D:3:      layout_basic, dreamdust_mushroom_princess, minmay_cut_off
D:4:      layout_cave_pools, minmay_temple_entry_glassed_door
D:5:      layout_basic, serial_corexii_hall, corexii_hall_statues_s,
          corexii_hall_statues_l, corexii_hall_statues_x,
          corexii_hall_statues_l, chequers_serial_rivers_small_b, uniq_pikel,
          uniq_blork_the_orc
D:6:      minmay_chambers_of_sixes, layout_rooms, lemuel_coloured_pillars_altar,
          lemuel_mausoleum_altar_kikubaaqudgha, minivault_10,
          minmay_increasing_density, uniq_duvessa, uniq_crazy_yiuf_cottage
D:7:      layout_loops_ring, chei_slow_surprise
D:8:      layout_loops_ring, grunt_ministairs_15, kennysheep_donut, uniq_maggie
D:9:      layout_grid_maze, mainiacjoe_overflow_cross_hatched,
          mainiacjoe_overflow_catwalk_spiral, mainiacjoe_overflow_alcove_2,
          lair_entry_dummy, enter_bailey_3, uniq_psyche, uniq_grum
Temple:   nicolae_temple_great_sept
Bailey:   bailey_polearm_gnolls_kennysheep, bailey

Skill      XL: |  1  2  3  4  5  6  7  8  9 10 11 |
---------------+----------------------------------+-----
Spellcasting   | 4 5 6 8 10 12 13 | 13.0
Dodging        | |  2.1
Stealth        | |  1.5

Action                   |  1- 3 |  4- 6 |  7- 9 | 10-12 || total
-------------------------+-------+-------+-------+-------++-------
Melee: Scythe            |       |    10 |       |       ||    10
       Morningstar       |       |       |     2 |       ||     2
 Cast: Magic Dart        |    28 |       |     1 |     2 ||    31
       Foxfire           |    51 |   112 |   121 |   127 ||   411
       Iskenderun's Myst |       |       |    23 |    43 ||    66
       Fulminant Prism   |       |       |    16 |    29 ||    45
  Use: Potion            |       |       |     2 |     2 ||     4
       Scroll            |       |       |     1 |     1 ||     2
Armor: Robe              |       |    18 |    12 |       ||    30
       Steam dragon scal |       |       |       |     9 ||     9
Dodge: Dodged            |     4 |    27 |    20 |    33 ||    84

Table legend: (Time is in decaauts)
 A = Elapsed time spent in this place.
 B = Non-inter-level travel time spent in this place.
 C = Inter-level travel time spent in this place.
 D = Time resting spent in this place.
 E = Time spent auto-exploring this place.
 F = Levels seen in this place.
 G = Mean time per level.
                   A        B        C        D        E       F      G
               +--------+--------+--------+--------+--------+-----+--------+
         Total |  12172 |  11668 |    504 |   2937 |   7136 |  11 | 1106.5 |
       Dungeon |  11852 |  11358 |    494 |   2756 |   7073 |   9 | 1316.9 |
        Temple |     85 |     75 |     10 |      0 |     63 |   1 |   85.0 |
        Bailey |    234 |    234 |      0 |    181 |      0 |   1 |  234.0 |
               +--------+--------+--------+--------+--------+-----+--------+

Top non-repeatable levels by time:
     D:5: 2272 daAuts
     D:8: 1831 daAuts
     D:6: 1625 daAuts
     D:1: 1318 daAuts
     D:2: 1283 daAuts
     D:7: 1252 daAuts
     D:3: 1162 daAuts
     D:4: 970 daAuts
  Bailey: 234 daAuts
     D:9: 135 daAuts
  Temple: 85 daAuts
